 Dungeon Crawl Stone Soup version 0.30-a0-728-gc68057be0a (webtiles) character file.

Game seed: 10486881357483262826

30 warriortoast the Trooper (level 3, 0/31 HPs)
             Began as a Barachi Fighter on Jan 31, 2023.
             Slain by a worm (5 damage)
             ... on level 2 of the Dungeon.
             The game lasted 00:02:18 (875 turns).

warriortoast the Trooper (Barachi Fighter)           Turns: 875, Time: 00:02:18

Health: 0/31       AC:  6    Str: 19    XL:     3   Next: 18%
Magic:  3/3        EV:  9    Int:  8    God:
Gold:   41         SH:  4    Dex: 11    Spells: 2/2 levels left

rFire   . . .      SeeInvis .    a - +0 war axe
rCold   . . .      Faith    .    c - +0 buckler
rNeg    . . .      Spirit   .    b - +0 scale mail
rPois   .          Reflect  .    (no helmet)
rElec   .          Harm     .    (no cloak)
rCorr   .          Rampage  .    (no gloves)
Will    .....                    (no boots) Stlth
                                 (no amulet)
HPRegen 0.25/turn                (no ring)
MPRegen 0.08/turn                (no ring)

@: slow
A: amphibious, slowness 1, strong legs 1, +LOS
a: Hop


You were on level 2 of the Dungeon.
You visited 1 branch of the dungeon, and saw 2 of its levels.

You collected 41 gold pieces.

Inventory:

Hand Weapons
 a - a +0 war axe (weapon)
Armour
 b - a +0 scale mail (worn)
 c - a +0 buckler (worn)
Jewellery
 i - a ring of wizardry
 k - a ring of wizardry
Scrolls
 e - a scroll of enchant weapon {unknown}
 f - a scroll of vulnerability {unknown}
 h - 3 scrolls of teleportation {unknown}
 j - a scroll of identify {unknown}
 l - a scroll of silence {unknown}
Potions
 d - a potion of might
 g - 2 potions of haste
 m - a potion of ambrosia {unknown}


   Skills:
 + Level 4.4 Fighting
 + Level 3.1 Axes
 - Level 3.6 Armour
 - Level 3.2 Shields


You had 2 spell levels left.
You didn't know any spells.
Your spell library was empty.

Dungeon Overview and Level Annotations

Branches:
Dungeon (2/15)

Altars:


Innate Abilities, Weirdness & Mutations

You are amphibious.
You cover ground slowly.
You can hop short distances.
You have an extended range of vision and can be seen from far away.


Message History

The ball python barely misses you. The ball python constricts you.
You barely miss the ball python.
The ball python is severely wounded.
The ball python bites you. The ball python constricts you.
You slash the ball python!
You kill the ball python!
The worm bites you.
You barely miss the worm. The worm bites you but does no damage.
You hit the worm.
The worm is moderately wounded.
The worm bites you.
You hit the worm.
The worm is moderately wounded.
You slash the worm!
The worm is severely wounded.
A bat comes into view.
The worm closely misses you.
You barely miss the worm.
The worm is severely wounded.
The worm bites you!
You are too injured to fight recklessly!
You are too injured to fight recklessly!
You are too injured to fight recklessly!
You hit the worm.
The worm is severely wounded.
The bat closely misses you. The worm bites you.
You barely miss the worm.
The worm is severely wounded.
You barely miss the bat. The bat hits you but does no damage.
The worm bites you but does no damage.
You hit the worm.
The worm is almost dead.
You slash the bat!
You kill the bat!
The worm bites you!
* * * LOW HITPOINT WARNING * * *
You completely miss the worm.
The worm is almost dead.
The worm bites you.
You die...

. #.## ###.. #...#
..... #...# #.#.#.
#...# ...... #...#
....... #...#
.#.....#####...#######
........†.....>......#
.......w@.............
............$<.......#
...)...#####...#######
....... #.#.# ######
.###.# ## ##


You could see a worm.

Vanquished Creatures
  A worm (D:1)
  2 bats
  3 endoplasms (D:1)
  5 hobgoblins (D:1)
  3 quokkas (D:1)
  5 ball pythons
  2 goblins (D:1)
  A kobold (D:1)
  A rat (D:1)
23 creatures vanquished.

Notes
Turn   | Place    | Note
-------+----------+-------------------------------------------
     0 | D:1      | warriortoast the Barachi Fighter began the quest for the
                  | Orb.
     0 | D:1      | Reached XP level 1. HP: 18/18 MP: 1/1
   174 | D:1      | Reached skill level 4 in Fighting
   174 | D:1      | Reached XP level 2. HP: 25/25 MP: 2/2
   376 | D:1      | Reached XP level 3. HP: 31/31 MP: 3/3
   875 | D:2      | Slain by a worm

Illustrated notes

Levels and vault maps discovered:
D:1:      dpeg_arrival_brainrot, layout_loops_ring
D:2:      layout_loops_cross, serial_shops, nicolae_shop_waterfront,
          basic_altar, grunt_decor_arrowhead, uniq_crazy_yiuf_cottage,
          uniq_natasha

Skill      XL: |  1  2 |
---------------+-------+-----
Fighting       | 4 |  4.4
Axes           | 3 |  3.1
Armour         | |  3.6
Shields        | |  3.2

Action                     || total
---------------------------++-------
  Melee: War axe           ||    82
 Armour: Scale mail        ||    56
  Dodge: Dodged            ||    48
  Block: Buckler           ||    25

Table legend: (Time is in decaauts)
 A = Elapsed time spent in this place.
 B = Non-inter-level travel time spent in this place.
 C = Inter-level travel time spent in this place.
 D = Time resting spent in this place.
 E = Time spent auto-exploring this place.
 F = Levels seen in this place.
 G = Mean time per level.
                   A        B        C        D        E       F      G
               +--------+--------+--------+--------+--------+-----+--------+
         Total |   1042 |   1022 |     20 |      0 |    818 |   2 |  521.0 |
       Dungeon |   1042 |   1022 |     20 |      0 |    818 |   2 |  521.0 |
               +--------+--------+--------+--------+--------+-----+--------+

Top non-repeatable levels by time:
     D:1: 1020 daAuts
     D:2: 22 daAuts
